 Dungeon Crawl Stone Soup version 0.21.1-1-g345015f (webtiles) character file.

3050 letownia2 the Spear-Bearer (level 9, 62/64 HPs)
             Began as a Merfolk Wizard on Mar 10, 2018.
             Quit the game on level 7 of the Dungeon.
             The game lasted 00:27:32 (3864 turns).

letownia2 the Spear-Bearer (Merfolk Wizard)         Turns: 3864, Time: 00:27:33

Health: 62/64      AC:  6    Str: 10    XL:     9   Next: 87%
Magic:  16/16      EV: 13    Int: 18    God:
Gold:   275        SH:  0    Dex: 12    Spells: 7/18 levels left

rFire    . . .     SeeInvis .   a - +1 spear (venom)
rCold    . . .     Gourm    +   (no shield)
rNeg     + . .     Faith    .   r - +0 leather armour
rPois    .         Spirit   .   o - +0 helmet
rElec    .         Reflect  .   (no cloak)
rCorr    .         Harm     .   (no gloves)
MR       .....                  (no boots)
Stlth    ++........             G - amulet of the gourmand
HPRegen  0.20/turn              g - +2 ring of protection
MPRegen  0.15/turn              D - ring of positive energy

@: no status effects
A: change form in water, swift swim, stealthy swim
a: no special abilities


You were on level 7 of the Dungeon.
You were completely stuffed.

You visited 2 branches of the dungeon, and saw 8 of its levels.

You collected 275 gold pieces.

Inventory:

Hand Weapons
 a - a +1 spear of venom (weapon)
 b - a +0 halberd
 z - a +0 blowgun
 E - a +1 flail of holy wrath
 K - a +2 quarterstaff of protection
 O - a +0 flail of draining
Missiles
 w - 2 throwing nets (quivered)
 B - 7 poisoned needles
Armour
 e - a +0 ring mail
 o - a +0 helmet (worn)
 r - a +0 leather armour (worn)
 t - a +0 scale mail
 A - a +0 buckler
 Q - a +2 scale mail of positive energy
Jewellery
 g - a +2 ring of protection (left hand)
 x - an uncursed ring of ice
 D - a ring of positive energy (right hand)
 G - an amulet of the gourmand (around neck)
 N - an uncursed ring of positive energy
 P - an uncursed amulet of regeneration {unknown}
Wands
 p - a wand of paralysis (8)
 s - a wand of disintegration (12)
Scrolls
 m - 3 scrolls of identify
 n - a scroll of noise
 v - 3 scrolls of remove curse
 J - a scroll of summoning {unknown}
 L - a scroll of random uselessness {unknown}
 M - a scroll of teleportation
 R - a scroll of fog {unknown}
 T - a scroll of blinking {unknown}
Potions
 f - a potion of mutation
 i - 3 potions of flight {unknown}
 l - a potion of agility
 u - 2 potions of brilliance
 y - 3 potions of heal wounds
 C - 2 potions of curing
 I - a potion of haste
Books
 c - a book of Minor Magic

   Spells                             Type                      Level
   a - Magic Dart                     Conjuration                  1
   b - Blink                          Translocation                2
   c - Call Imp                       Summoning                    2
   d - Slow                           Hexes                        2
   e - Conjure Flame                  Conjuration/Fire             3
   f - Mephitic Cloud                 Conjuration/Poison/Air       3
Comestibles
 d - 16 rations
 h - a chunk of flesh


   Skills:
 - Level 3.3 Fighting
 + Level 12.2 Polearms
 - Level 1.4 Armour
 - Level 4.1 Dodging
 - Level 2.1 Stealth
 - Level 5.0 Spellcasting
 - Level 2.7 Conjurations
 - Level 2.5 Summonings
 - Level 2.6 Translocations
 - Level 2.0 Fire Magic
 - Level 2.4 Air Magic
 - Level 3.1 Poison Magic


You had 7 spell levels left.
You knew the following spells:

 Your Spells              Type           Power        Failure   Level  Hunger
a - Magic Dart            Conj           ##..         5%          1    None
b - Blink                 Tloc           N/A          9%          2    #......
c - Conjure Flame         Conj/Fire      ##......     19%         3    ##.....
e - Mephitic Cloud        Conj/Pois/Air  ##......     17%         3    ##.....
i - Call Imp              Summ           ##......     9%          2    #......


Dungeon Overview and Level Annotations

Branches:
Dungeon (7/15)             Temple (1/1) D:7

Altars:
Dithmenos
Elyvilon
Fedhas
Gozag
Hepliaklqana
Kikubaaqudgha
Makhleb
Nemelex Xobeh
Okawaru
Qazlal
Ru
Sif Muna
Trog
Uskayaw
Vehumet
Wu Jian
Yredelemnul
Zin
Lugonu

Shops:
D:5 [   D:7 [

Annotations:
D:7 Gobbopathe's ghost, novice SpAr


Message History

You hit the hound.
The hound is severely wounded.
The hound bites you.
You barely miss the hound.
The hound is severely wounded.
You kill the hound!
No target in view!
No target in view!
You see here a hound corpse.
You butcher the hound corpse.
h - a chunk of flesh
Found a stone staircase leading down.
There is a stone staircase leading down here.
Are you sure you want to abandon this character and quit the game? (Confirm with "yes".)
Okay, then.
Put on which piece of jewellery? (? for menu, Esc to quit)
Okay, then.
Wear which item? (? for menu, Esc to quit)
Okay, then.
Are you sure you want to abandon this character and quit the game? (Confirm with "yes".)

##### #...#
..########...# #####
.......@.....#######....
#.########.>............
#..########.###
#..............
#..########.##.
#[.########.##.
#..##...∩...##.
#..##.########. #..##.#
#.


There were no monsters in sight!

Vanquished Creatures
  A two-headed ogre (D:4)
  A hornet (D:7)
  3 hogs (D:7)
  A yak (D:7)
  A human (D:7)
  Edmund (D:6)
  A sky beast (D:7)
  An ice beast (D:7)
  A black bear (D:6)
  An ogre (D:4)
  2 centaurs
  A big kobold (D:6)
  A gnoll sergeant (D:4)
  A crimson imp (D:5)
  4 hounds
  A bullfrog skeleton (D:7)
  3 orc wizards
  3 orc priests
  Jessica (D:3)
  2 iguanas
  Ijyb (D:3)
  3 worker ants
  8 gnolls (D:4)
  7 adders
  3 howler monkey skeletons
  An ooze (D:7)
  3 worms
  2 dart slugs
  3 leopard geckos
  14 orcs
  2 giant cockroaches
  10 goblins
  4 hobgoblins
  6 jackals
  2 quokkas
  7 bats
  A frilled lizard (D:3)
  12 kobolds
  A leopard gecko skeleton (D:5)
  2 leopard gecko zombies (D:6)
  7 rats
130 creatures vanquished.

Vanquished Creatures (collateral kills)
  3 adders (D:2)
  A quokka (D:2)
  A kobold (D:2)
5 creatures vanquished.

Grand Total: 135 creatures vanquished

Notes
Turn   | Place    | Note
-------+----------+-------------------------------------------
     0 | D:1      | letownia2 the Merfolk Wizard began the quest for the Orb.
     0 | D:1      | Reached XP level 1. HP: 13/13 MP: 4/4
    21 | D:1      | Reached skill level 1 in Conjurations
   139 | D:1      | Reached XP level 2. HP: 19/19 MP: 0/6
   160 | D:1      | Learned a level 2 spell: Call Imp
   287 | D:2      | Reached XP level 3. HP: 24/24 MP: 1/7
   298 | D:2      | Learned a level 3 spell: Mephitic Cloud
   353 | D:2      | Found a shadowy altar of Dithmenos.
   390 | D:3      | Noticed Jessica
   437 | D:3      | Killed Jessica
   438 | D:3      | Found a stormy altar of Qazlal.
   438 | D:3      | Noticed a phantom
   527 | D:2      | Reached XP level 4. HP: 23/30 MP: 6/8
   658 | D:2      | Reached skill level 1 in Poison Magic
   742 | D:3      | Learned a level 3 spell: Conjure Flame
   824 | D:4      | Reached skill level 1 in Air Magic
   831 | D:4      | Reached XP level 5. HP: 29/35 MP: 6/9
   904 | D:3      | Noticed Ijyb
   920 | D:3      | Killed Ijyb
  1239 | D:2      | Reached skill level 1 in Fire Magic
  1334 | D:4      | Found a white marble altar of Elyvilon.
  1474 | D:4      | Noticed a two-headed ogre
  1527 | D:4      | Noticed an ogre
  1712 | D:4      | Reached XP level 6. HP: 39/41 MP: 3/10
  1716 | D:4      | Learned a level 2 spell: Blink
  1792 | D:4      | Reached skill level 1 in Translocations
  1909 | D:4      | Reached XP level 7. HP: 46/46 MP: 9/13
  2207 | D:4      | Reached skill level 1 in Polearms
  2224 | D:4      | Found a blossoming altar of Fedhas.
  2242 | D:4      | Reached skill level 2 in Polearms
  2472 | D:4      | Killed a two-headed ogre
  2472 | D:4      | Reached skill level 9 in Polearms
  2472 | D:4      | Reached XP level 8. HP: 56/56 MP: 2/14
  2538 | D:5      | Entered Level 5 of the Dungeon
  2633 | D:5      | Found Xuelon's Antique Armour Boutique.
  2755 | D:5      | Found a sparkling altar of Nemelex Xobeh.
  2755 | D:5      | Found a faded altar of an unknown god.
  2760 | D:5      | Found a hide-covered altar of Uskayaw.
  2762 | D:5      | Found a sacrificial altar of Ru.
  2763 | D:5      | Found an ancient bone altar of Kikubaaqudgha.
  3190 | D:6      | Noticed Edmund
  3215 | D:6      | Killed Edmund
  3215 | D:6      | Reached skill level 1 in Armour
  3215 | D:6      | Reached XP level 9. HP: 62/62 MP: 13/16
  3334 | D:6      | Found an opulent altar of Gozag.
  3484 | D:7      | Noticed a hornet
  3500 | D:7      | Killed a hornet
  3530 | D:7      | Reached skill level 5 in Spellcasting
  3558 | D:7      | Reached skill level 10 in Polearms
  3578 | D:7      | Reached skill level 11 in Polearms
  3657 | D:7      | Found Ynin's Antique Armour Boutique.
  3726 | D:7      | Reached skill level 12 in Polearms
  3771 | D:7      | Found a staircase to the Ecumenical Temple.
  3775 | D:7      | Noticed Gobbopathe's ghost (novice SpAr)
  3780 | Temple   | Entered the Ecumenical Temple
  3864 | D:7      | Quit the game

Skill      XL: |  1  2  3  4  5  6  7  8  9 |
---------------+----------------------------+-----
Conjurations   | 1 2 |  2.7
Summonings     | 2 |  2.5
Poison Magic   | 1 2 3 |  3.1
Air Magic      | 1 2 |  2.4
Fire Magic     | 1 2 |  2.0
Translocations | 1 2 |  2.6
Spellcasting   | 4 5 |  5.0
Fighting       | 2 3 |  3.3
Polearms       | 9 12 | 12.2
Dodging        | 3 4 |  4.1
Armour         | 1 |  1.4
Stealth        | |  2.1

Action                   |  1- 3 |  4- 6 |  7- 9 || total
-------------------------+-------+-------+-------++-------
Melee: Unarmed           |    14 |       |       ||    14
       Mace              |     4 |       |       ||     4
       Dagger            |    32 |    40 |       ||    72
       Short sword       |       |   100 |     9 ||   109
       Spear             |       |       |   234 ||   234
 Cast: Magic Dart        |    23 |    43 |    19 ||    85
       Call Imp          |     5 |     1 |       ||     6
       Mephitic Cloud    |       |    13 |    19 ||    32
       Blink             |       |       |     3 ||     3
       Conjure Flame     |       |       |     8 ||     8
Evoke: Wand              |       |     7 |     2 ||     9
  Use: Scroll            |       |     2 |     6 ||     8
 Stab: Paralysed         |       |     8 |       ||     8
       Sleeping          |       |     4 |     1 ||     5
       Confused          |       |     4 |     6 ||    10
  Eat: Chunk             |       |     6 |    19 ||    25
Armor: Robe              |    13 |     4 |       ||    17
       Leather armour    |       |    22 |    28 ||    50
Dodge: Dodged            |    36 |    74 |    71 ||   181
